 Dungeon Crawl Stone Soup version 0.30-a0-691-g754fce4c43 (webtiles) character file.

Game seed: 15145878025356580674

129 testman the Magician (level 5, -2/40 HPs)
             Began as a Djinni Warper on Jan 19, 2023.
             Killed by divine providence
             ... invoked by an orc priest
              (14 damage)
             ... on level 3 of the Dungeon.
             The game lasted 00:06:56 (2102 turns).

testman the Magician (Djinni Warper)                Turns: 2102, Time: 00:06:57

Health: -2/40      AC:  7    Str: 10    XL:     5   Next: 35%
Gold:   101        EV: 11    Int: 16    God:
                   SH:  5    Dex: 13

rFire   + + .      SeeInvis .    a - +0 falchion
rCold   x . .      Faith    .    (no shield)
rNeg    . . .      Spirit   .    b - +0 leather armour
rPois   ∞          Reflect  +    r - +0 hat
rElec   .          Harm     .    h - +2 cloak
rCorr   .          Rampage  .    n - +0 pair of gloves
Will    .....                    (boots unavailable)
Stlth   +                        k - amulet of reflection
HPRegen 0.26/turn                (no ring)
MPRegen 0.00/turn                (no ring)

@: flying
A: sickness immunity, fire resistance 2, cold vulnerability 1, float, innate
caster, HP casting, extra vitality 1
a: no special abilities


You were on level 3 of the Dungeon.
You visited 1 branch of the dungeon, and saw 3 of its levels.

You collected 140 gold pieces.
You spent 39 gold pieces at shops.

Inventory:

Hand Weapons
 a - a +0 falchion (weapon)
Missiles
 d - 7 boomerangs of dispersal
 j - 5 atropa-tipped darts
Armour
 b - a +0 leather armour (worn)
 h - a +2 cloak (worn)
 n - a +0 pair of gloves (worn)
 r - a +0 hat (worn)
Jewellery
 g - an amulet of faith
 k - an amulet of reflection (around neck)
Scrolls
 c - a scroll of blinking
 e - a scroll of identify {unknown}
 m - a scroll of magic mapping {unknown}
 q - a scroll of enchant armour {unknown}
Potions
 f - a potion of invisibility {unknown}
 i - a potion of degeneration {unknown}
 l - a potion of curing
 o - a potion of haste {unknown}
 p - a potion of might {unknown}


   Skills:
 + Level 3.0 Fighting
 + Level 2.8 Long Blades
 + Level 1.9 Throwing
 - Level 1.0 Armour
 - Level 2.1 Dodging
 + Level 3.0 Spellcasting


You couldn't memorise any spells.
You knew the following spells:

 Your Spells              Type           Power      Damage    Failure   Level
a - Blink                 Tloc           24%        N/A       11%         2
b - Lesser Beckoning      Tloc           24%        N/A       11%         2
c - Vhi's Electric Charg  Tloc/Air       24%        N/A       22%         3
d - Teleport Other        Tloc           12%        N/A       22%         3
e - Manifold Assault      Tloc           12%        N/A       58%         4
f - Foxfire               Conj/Fire      48%        2x1d6     8%          1
g - Call Imp              Summ           12%        N/A       11%         2
Your spell library was empty.

Dungeon Overview and Level Annotations

Branches:
Dungeon (3/15)

Altars:

Shops:
D:1 !


Innate Abilities, Weirdness & Mutations

You are immune to sickness and miasma.
You are immune to poison.
Your flesh is very heat resistant. (rF++)
You are vulnerable to cold. (rC-)
You float through the air rather than walking.
You learn spells naturally, not from books.
Your magical power is your life essence.
You have superior vitality. (+4 MHP)


Message History

You kill the frilled lizard!
You now have 101 gold pieces (gained 12).
Things that are here:
a +0 dagger; a +0 leather armour An orc comes into view.
It is wielding a +0 whip.
An orc comes into view. It is wielding a +0 falchion.
The orc shouts!
An orc priest comes into view. It is wielding a +0 short sword.
Casting: Foxfire (safe; 8% risk of failure)
Press: ? - help, Q - select action, (/) - cycle Dir - look around, f - activate You conjure some foxfire!
The orc priest mumbles some strange prayers to Beogh against you.
Beogh smites you!
Casting: Foxfire (safe; 8% risk of failure)
Confirm with . or Enter, or press ? or * to list all spells.
A beastly little devil appears in a puff of frigid air.
The foxfire hits the orc.
The orc is almost dead.
The foxfire hits the orc.
You kill the orc!
Casting: Foxfire (safe; 8% risk of failure)
Press: ? - help, Q - select action, (/) - cycle Dir - look around, f - activate You conjure some foxfire!
The orc priest invokes the aid of Beogh against you.
Beogh smites you!
* * * LOW HITPOINT WARNING * * *
You closely miss the orc.
The foxfire hits the orc but does no damage.
The foxfire hits the orc.
The orc is moderately wounded.
The orc barely misses you.
Your white imp hits the orc.
Your white imp freezes the orc.
The orc dies!
Casting: Foxfire (safe; 8% risk of failure)
Press: ? - help, Q - select action, (/) - cycle Dir - look around, f - activate You conjure some foxfire!
* * * LOW HITPOINT WARNING * * *
The orc priest invokes the aid of Beogh against you.
Beogh smites you!
You die...

.......<...#.>##.#
...........).....#
..........##.)####
.........####...##
.........# #....#
.........#
##.#......
.........#
#.##.....
.##......#
#v###.... .......#
#@.# ....
#v.......
#)5......
#........
#.....#.. #...o.#
. #.....# #.....#


You could see an orc priest (ally target) and a friendly white imp (summoned).

Vanquished Creatures
  An orc priest (D:3)
  2 adders
  A worm (D:2)
  A dart slug (D:1)
  3 orcs
  9 ball pythons
  8 bats
  3 endoplasms
  5 giant cockroaches
  6 goblins
  4 hobgoblins
  4 jackals (D:1)
  6 kobolds
  2 quokkas
  A frilled lizard (D:3)
  6 rats
62 creatures vanquished.

Vanquished Creatures (collateral kills)
  An orc (D:3)
1 creature vanquished.

Vanquished Creatures (others)
  68 foxfires
68 creatures vanquished.

Grand Total: 131 creatures vanquished

Notes
Turn   | Place    | Note
-------+----------+-------------------------------------------
     0 | D:1      | testman the Djinni Warper began the quest for the Orb.
     0 | D:1      | testman set off with the following spells memorised: Blink,
                  | Lesser Beckoning, Vhi's Electric Charge, Teleport Other,
                  | Manifold Assault.
     0 | D:1      | Reached XP level 1. HP: 18/18 MP: 0/0
    78 | D:1      | Reached skill level 1 in Throwing
   115 | D:1      | Reached XP level 2. HP: 21/23 MP: 0/0
   204 | D:1      | Found Hieckegim's Distillery.
   286 | D:1      | Reached XP level 3. HP: 29/29 MP: 0/0
   286 | D:1      | Learned a level 1 spell: Foxfire
   317 | D:1      | Found a faded altar of an unknown god.
   978 | D:1      | Bought a potion of curing for 39 gold pieces
  1050 | D:2      | Reached XP level 4. HP: 30/34 MP: 0/0
  1982 | D:3      | Reached XP level 5. HP: 15/40 MP: 0/0
  1982 | D:3      | Learned a level 2 spell: Call Imp
  2102 | D:3      | Killed from afar by an orc priest

Illustrated notes

Levels and vault maps discovered:
D:1:      dpeg_arrival_castle, layout_loops_ring,
          nicolae_ecumenical_snake_handling, serial_shops, shop_fountains
D:2:      layout_basic, hangedman_decor_diamond_cutter,
          kennysheep_cross_bottleneck, minmay_heptomino_l4
D:3:      layout_rooms

Skill      XL: |  1  2  3  4 |
---------------+-------------+-----
Throwing       | 1 |  1.9
Long Blades    | 2 |  2.8
Fighting       | 3 |  3.0
Spellcasting   | 3 |  3.0
Armour         | |  1.0
Dodging        | |  2.1

Action                   |  1- 3 |  4- 6 || total
-------------------------+-------+-------++-------
Melee: Falchion          |   143 |    31 ||   174
 Cast: Foxfire           |     9 |    33 ||    42
       Call Imp          |       |     1 ||     1
 Stab: Sleeping          |     1 |       ||     1
Armor: Leather armour    |    68 |     5 ||    73
Dodge: Dodged            |   104 |    15 ||   119
Block: Other             |     6 |    11 ||    17

Table legend: (Time is in decaauts)
 A = Elapsed time spent in this place.
 B = Non-inter-level travel time spent in this place.
 C = Inter-level travel time spent in this place.
 D = Time resting spent in this place.
 E = Time spent auto-exploring this place.
 F = Levels seen in this place.
 G = Mean time per level.
                   A        B        C        D        E       F      G
               +--------+--------+--------+--------+--------+-----+--------+
         Total |   2134 |   1999 |    135 |     90 |   1446 |   3 |  711.3 |
       Dungeon |   2134 |   1999 |    135 |     90 |   1446 |   3 |  711.3 |
               +--------+--------+--------+--------+--------+-----+--------+

Top non-repeatable levels by time:
     D:1: 1043 daAuts
     D:2: 941 daAuts
     D:3: 149 daAuts
